 Dungeon Crawl Stone Soup version 0.17-a0-1637-g5d65775 (webtiles) character file.

576 LilCorpsy the Shield-Bearer (level 7, -1/55 HPs)
             Began as a Formicid Fighter on Aug 7, 2015.
             Slain by LilCorpsy's ghost (5 damage)
             ... on level 5 of the Dungeon.
             The game lasted 00:10:29 (4026 turns).

LilCorpsy the Shield-Bearer (Formicid Fighter)      Turns: 4026, Time: 00:10:29

Health: -1/55      AC:  7    Str: 22    XL:     7   Next: 62%
Magic:  7/7        EV: 11    Int:  8    God:
Gold:   207        SH: 18    Dex: 20    Spells: 0 memorised, 6 levels left

rFire  . . .     SeeInvis +     a - +1 war axe
rCold  . . .     Clarity  .     b - +0 scale mail
rNeg   . . .     SustAt   .     t - +2 large shield
rPois  .         Gourm    .     (helmet unavailable)
rElec  .         Spirit   .     (no cloak)
rCorr  .         Warding  .     (no gloves)
rMut   .         Stasis   +     (no boots)
MR     +....                    (no amulet)
Stlth  +.........               s - ring of protection from magic
                                n - +5 ring of dexterity

@: agile, somewhat resistant to hostile enchantments, very unstealthy
A: permanent stasis, dig shafts and tunnels, four strong arms, antennae 3, claws
1
a: Dig, Shaft Self


You were on level 5 of the Dungeon.
You were not hungry.

You visited 1 branch of the dungeon, and saw 5 of its levels.

You collected 207 gold pieces.

Inventory:

Hand weapons
 a - a +1 war axe (weapon)
Missiles
 r - 103 stones (quivered)
Armour
 b - a +0 scale mail (worn)
 t - a +2 large shield (worn)
Jewellery
 n - a +5 ring of dexterity (left claw)
 s - a ring of protection from magic (right claw)
Magical devices
 i - a wand of polymorph (18)
 p - a wand of disintegration (19)
Scrolls
 f - 2 scrolls of fear
 g - a scroll of enchant weapon
 h - 3 scrolls of identify
 k - 4 scrolls of remove curse
Potions
 d - 2 potions of might
 o - a potion of agility
Comestibles
 e - a bread ration
 m - 2 meat rations


   Skills:
 + Level 4.8 Fighting
 * Level 5.2 Axes
 + Level 5.0 Armour
 + Level 5.4 Shields


You had 6 spell levels left.
You didn't know any spells.

Dungeon Overview and Level Annotations

Branches:
Dungeon (5/15)
 Temple: D:4-7

Altars:
Kikubaaqudgha

Shops:
D:4 [

Annotations:
D:5 LilCorpsy's ghost, experienced MfGl


Innate Abilities, Weirdness & Mutations

You are under a permanent stasis effect.
You can dig through walls and to a lower floor.
Your four strong arms can wield two-handed weapons with a shield.
You have a pair of large antennae on your head (SInv).
You have sharp fingernails.


Message History

Aim: LilCorpsy's ghost (moderately damaged, chance to defeat MR: 19%) LilCorpsy's ghost is unaffected.
Evoking this partially-identified wand wasted a few charges.
You block LilCorpsy's ghost's attack.
You feel agile all of a sudden. LilCorpsy's ghost hits you!
* * * LOW HITPOINT WARNING * * *
As you read the scroll of fear, it crumbles to dust.
You assume a fearsome visage.
LilCorpsy's ghost is unaffected.
You block LilCorpsy's ghost's attack.
You hit LilCorpsy's ghost.
LilCorpsy's ghost is heavily damaged.
You block LilCorpsy's ghost's attack.
You closely miss LilCorpsy's ghost.
LilCorpsy's ghost is heavily damaged.
You block LilCorpsy's ghost's attack.
Your shield prevents you from hitting LilCorpsy's ghost.
LilCorpsy's ghost is heavily damaged.
LilCorpsy's ghost hits you.
You die...

#..
##........
##.
#........#
##
...(.....#
#
#........
#........
#.....#
#...W#
#..@#
##..# #..#
##.## ##.#
#.## ##.#
#### #.##
# ##..##
##.## #


You could see LilCorpsy's ghost.

Vanquished Creatures
  2 ogres (D:4)
  A water moccasin skeleton (D:5)
  An orc priest (D:5)
  A centaur skeleton (D:4)
  3 worker ants (D:4)
  2 orc wizards (D:4)
  A worker ant zombie (D:5)
  Robin (D:4)
  4 adders
  A shadow imp (D:5)
  A worm (D:2)
  An adder skeleton (D:5)
  5 giant geckos
  15 orcs
  5 bats
  A bat zombie (D:4)
  14 goblins
  9 hobgoblins
  7 kobolds
  5 quokkas
  4 giant newts
  A quokka skeleton (D:4)
  6 rats
  2 rat zombies (D:4)
93 creatures vanquished.

Notes
Turn   | Place    | Note
--------------------------------------------------------------
     0 | D:1      | LilCorpsy the Formicid Fighter began the quest for the Orb.
     0 | D:1      | Reached XP level 1. HP: 18/18 MP: 1/1
   138 | D:1      | Reached XP level 2. HP: 24/24 MP: 2/2
   633 | D:2      | Reached XP level 3. HP: 22/29 MP: 3/3
  1147 | D:2      | Reached skill level 4 in Armour
  1468 | D:2      | Reached XP level 4. HP: 36/36 MP: 4/4
  2155 | D:4      | Reached XP level 5. HP: 42/42 MP: 5/5
  2210 | D:4      | Found Hioqucsu's Antique Armour Shoppe.
  2310 | D:4      | Noticed Robin
  2332 | D:4      | Killed Robin
  2406 | D:4      | Reached XP level 6. HP: 48/48 MP: 6/6
  2414 | D:4      | Found an ancient bone altar of Kikubaaqudgha.
  2585 | D:4      | Noticed an ogre
  2591 | D:4      | Killed an ogre
  2775 | D:4      | Reached XP level 7. HP: 46/55 MP: 7/7
  2926 | D:4      | Reached skill level 5 in Shields
  3281 | D:5      | Entered Level 5 of the Dungeon
  3285 | D:5      | Gained mutation: You have very sharp teeth. [potion of mutation]
  3285 | D:5      | Gained mutation: You heal slowly when monsters are visible. [potion of mutation]
  3285 | D:5      | Gained mutation: You have sharp fingernails. [potion of mutation]
  3336 | D:5      | Reached skill level 5 in Axes
  3568 | D:5      | Lost mutation: You heal slowly when monsters are visible. [potion of cure mutation]
  3568 | D:5      | Lost mutation: You have very sharp teeth. [potion of cure mutation]
  3577 | D:5      | Reached skill level 5 in Armour
  4003 | D:5      | Noticed LilCorpsy's ghost (experienced MfGl)
  4026 | D:5      | Slain by LilCorpsy's ghost

Vault maps used:
D:1:      dpeg_arrival_stonehenge_8_columns, solitary_fountain,
          corexii_hall_statues_i, columned_hall_lemuel, amethyst_killhole
D:4:      lemuel_zombie_altar_kikubaaqudgha, first_bread, serial_shops,
          shop_statue, uniq_robin

Action                   |  1- 3 |  4- 6 |  7- 9 || total
-------------------------+-------+-------+-------++-------
Melee: War axe           |    85 |   137 |    64 ||   286
Evoke: Wand              |       |       |     2 ||     2
  Use: Scroll            |       |    10 |     5 ||    15
       Potion            |       |     3 |     5 ||     8
  Eat: Fruit             |     1 |     1 |       ||     2
       Bread ration      |       |     1 |     1 ||     2
       Chunk             |       |       |     2 ||     2
